 Dungeon Crawl Stone Soup version 0.30.1-11-g7821555f0a (webtiles) character file.

Game seed: 1683125367682779199

3 comborobin the Sneak (level 1, -6/20 HPs)
             Began as a Minotaur Delver on Nov 19, 2023.
             Mangled by Sigmund
             ... wielding a +0 heavy scythe
              (18 damage)
             ... on level 4 of the Dungeon.
             The game lasted 00:00:23 (165 turns).

comborobin the Sneak (Minotaur Delver)               Turns: 165, Time: 00:00:23

Health: -6/20      AC:  3    Str: 16    XL:     1   Next: 41%
Magic:  0/0        EV: 11    Int:  7    God:
Gold:   0          SH:  0    Dex: 11    Spells: 0/0 levels left

rFire   . . .        a - +0 hand axe
rCold   . . .        (no shield)
rNeg    . . .        b - +0 leather armour
rPois   .            (helmet restricted)
rElec   .            (no cloak)
rCorr   .            (no gloves)
SInv    .            (no boots)
Will    .....        (no amulet)
Stlth   +            (no ring)
HPRegen 0.23/turn    (no ring)
MPRegen 0.07/turn

%: no passive effects
@: confused, hasted, very quick
A: horns 2, retaliatory headbutt
a: no special abilities


You were on level 4 of the Dungeon.
You visited 1 branch of the dungeon, and saw 3 of its levels.

Inventory:

Hand Weapons
 a - a +0 hand axe (weapon)
Armour
 b - a +0 leather armour (worn)
Wands
 g - a wand of digging (3)
Scrolls
 c - a scroll of fog
 e - a scroll of fear


   Skills:
 + Level 3.7 Fighting
 * Level 2.6 Axes
 + Level 0.3 Armour
 - Level 2.1 Dodging
 - Level 4.1 Stealth


You couldn't memorise any spells.
You didn't know any spells.
Your spell library was empty.

Dungeon Overview and Level Annotations

Branches:
Dungeon (6/15)
 Temple: D:4-7

Altars:

Annotations:
D:4 Sigmund


Innate Abilities, Weirdness & Mutations

You have a pair of horns on your head.
You reflexively headbutt those who attack you in melee.


Message History

Found a stone staircase leading down.
The ball python closely misses you. You furiously retaliate!
You headbutt the ball python.
The ball python closely misses you. x2; The ball python grabs you.
The ball python constricts you.
You slash the ball python!
You kill the ball python!
No target in view!
No target in view!
You see here a ball python corpse.
You start waiting.
Found an escape hatch in the floor.
Found 2 poisoned darts.
Found an escape hatch in the ceiling.
No target in view!
No target in view!
No target in view!
No target in view!
Sigmund the Dreaded comes into view.
He is wielding a +0 heavy scythe.
Sigmund is nearby!
Sigmund shouts!
You hear a shout! x2
Sigmund barely misses you.
You feel yourself speed up.
An orc comes into view. It is wielding a +0 mace of protection.
Sigmund points at you and mumbles some strange words.
You are confused.
Sigmund hits you from afar with a +0 heavy scythe!
A quokka comes into view.
You're too confused to move!
An orc comes into view. It is wielding a +0 short sword.
You can't go up here!
An orc priest comes into view. It is wielding a +0 mace.
The orc shouts!
The orc priest shouts!
Sigmund points at you and mumbles some strange words.
You resist with significant effort.
The orc throws a boomerang.
The boomerang hits you but does no damage.
You're too confused to move!
Sigmund hits you from afar with a +0 heavy scythe!!
Ouch! That really hurt!
You die...

..# .. #.## .. ###...
.. ...... .# ...r##
.# #.<#####.# #.###
#..@.....# .....#
##......## #.##..
#o@.....######.....
#o###.....[.##..##.
...#######......# #
#.##..>.......#..####
## (########........
o ##..##### ####..##


You could see Sigmund, 2 orcs and a quokka.

Vanquished Creatures
  An endoplasm (D:4)
  A quokka (D:4)
  A ball python (D:4)
3 creatures vanquished.

Notes
Turn   | Place    | Note
-------+----------+-------------------------------------------
     0 | D:5      | comborobin the Minotaur Delver began the quest for the Orb.
     0 | D:5      | Reached XP level 1. HP: 19/19 MP: 0/0
    11 | D:5      | Noticed a black bear
    20 | D:6      | Noticed a bullfrog
    20 | D:6      | Noticed a gnoll bouda
   153 | D:4      | Noticed Sigmund
   163 | D:4      | Noticed an orc priest
   165 | D:4      | Mangled by Sigmund

Illustrated notes

Levels and vault maps discovered:
D:4:      layout_rooms, grunt_dithmenos_smoke_and_mirrors, temple_green,
          minmay_surrounded, uniq_eustachio, uniq_robin, uniq_pargi,
          uniq_crazy_yiuf_cottage, uniq_sigmund
D:5:      layout_loops_cross, serial_shops, nicolae_square_shop, uniq_pikel,
          uniq_edmund
D:6:      layout_loops_ring

Action                     || total
---------------------------++-------
  Melee: Hand axe          ||     9
         Headbutt          ||     1
    Use: Scroll            ||     1
         Potion            ||     1
   Stab: Sleeping          ||     1
 Armour: Leather armour    ||     4
  Dodge: Dodged            ||     9
